 Dungeon Crawl Stone Soup version 0.28-a0-664-gc179e30c89 (webtiles) character file.

Game seed: 7339900143843512095

68 frimble the Stinger (level 4, -4/27 HPs)
             Began as an Octopode Venom Mage on Oct 17, 2021.
             Slain by an orc (6 damage)
             ... on level 3 of the Dungeon.
             The game lasted 00:03:04 (2700 turns).

frimble the Stinger (Octopode Venom Mage)           Turns: 2700, Time: 00:03:06

Health: -4/27      AC:  1    Str:  7    XL:     4   Next: 19%
Magic:  1/7        EV: 13    Int: 18    God:
Gold:   47         SH:  0    Dex: 12    Spells: 6/7 levels left

rFire   . . .      SeeInvis .   (no weapon)
rCold   . . .      Faith    .   (no shield)
rNeg    . . .      Spirit   .   (helmet restricted)
rPois   .          Reflect  .   (no amulet)
rElec   .          Harm     .   (no ring)
rCorr   .          Rampage  .   (no ring)
Will    .....                   (no ring)
Stlth   +++.......              (no ring)
HPRegen 0.09/turn               (no ring)
MPRegen 0.10/turn               (no ring)
                                (no ring)
                                (no ring)

@: no status effects
A: almost no armour, amphibious, 8 rings, camouflage 1, gelatinous body 1,
(nimble swimmer 1), tentacles
a: no special abilities


You were on level 3 of the Dungeon.
You visited 1 branch of the dungeon, and saw 4 of its levels.

You collected 47 gold pieces.

Inventory:

Jewellery
 c - an amulet of guardian spirit
 e - a +6 ring of intelligence
Scrolls
 b - a scroll of immolation
Potions
 a - a potion of might
 f - 2 potions of flight
 h - a potion of attraction {unknown}


   Skills:
 - Level 2.2 Dodging
 - Level 3.0 Stealth
 - Level 2.1 Spellcasting
 - Level 1.3 Transmutations
 + Level 5.4 Poison Magic


You had 6 spell levels left.
You knew the following spells:

 Your Spells              Type           Power      Damage    Failure   Level
a - Sting                 Tmut/Pois      56%        1d5       4%          1

Your spell library contained the following spells:

 Spells                   Type           Power      Damage    Failure   Level
 Poisonous Vapours        Pois/Air       22%        N/A       9%          2
 Olgreb's Toxic Radiance  Pois           21%        N/A       19%         4
 Mephitic Cloud           Conj/Pois/Air  8%         N/A       26%         3


Dungeon Overview and Level Annotations

Branches:
Dungeon (4/15)
 Temple: D:4-7

Altars:
The Shining One

Shops:
D:1 (


Innate Abilities, Weirdness & Mutations

You cannot wear most types of armour.
You are amphibious.
You can wear up to eight rings at the same time.
Your skin changes colour to match your surroundings (Stealth+).
Your rubbery body absorbs attacks. (AC +1, EV +1)
((You are camouflaged near water. (Stealth+)))
You have tentacles for arms and can constrict up to eight enemies at once.


Message History

You kill the orc!
A worm comes into view.
Aiming: Sting (safe; 4% risk of failure)
Press: ? - help, Q - select action Shift-Dir - straight line, f - orc
Aim: an orc, wielding a +0 hand axe (71% to hit)
The sting hits the orc.
The orc is poisoned.
The orc is severely wounded.
You kill the orc!
Aiming: Sting (safe; 4% risk of failure)
Press: ? - help, Q - select action Shift-Dir - straight line, f - you That beam is likely to hit you.
Continue anyway?
Okay, then.
Aiming: Sting (safe; 4% risk of failure)
Press: ? - help, Q - select action Shift-Dir - straight line, f - orc
Aim: an orc, wielding a +1 flail of protection (71% to hit)
The sting hits the orc but does no damage.
The orc is poisoned.
There is a stone staircase leading down here.
Aiming: Sting (safe; 4% risk of failure)
Press: ? - help, Q - select action Shift-Dir - straight line, f/p - orc
Aim: an orc, wielding a +1 flail of protection (poisoned, 71% to hit)
The sting hits the orc but does no damage.
The orc looks even sicker.
Aiming: Sting (safe; 4% risk of failure)
Press: ? - help, Q - select action Shift-Dir - straight line, f - orc, p - orc
Aim: an orc, wielding a +0 hand axe and wearing a +0 ring mail (75% to hit)
The sting misses the orc.
The sting hits the orc but does no damage.
The orc is poisoned.
Aiming: Sting (safe; 4% risk of failure)
Press: ? - help, Q - select action Shift-Dir - straight line, f/p - orc
Aim: an orc, wielding a +0 hand axe and wearing a +0 ring mail (poisoned, 75% to hit)
The sting hits the orc but does no damage.
The orc looks even sicker.
The orc hits you with a +1 flail of protection!
The orc closely misses you.
The orc hits you with a +1 flail of protection!
* * * LOW HITPOINT WARNING * * *
The orc hits you with a +0 hand axe.
You die...

..#..# .#..#
....# #...#
#... ........
#..# #......
#######..#
#..... #.
#......o@#
#....
#..#.#####o##
#o..
#........#w#


#og ...........# #.# ##.......#.# #.# # ...........####)##....
###.#..#...).oo........ # #..#...####.##.#... ........# #... # You could see a
worm and 2 orcs.

Vanquished Creatures
  2 adders
  A dart slug (D:1)
  3 orcs (D:3)
  6 endoplasms
  3 giant cockroaches (D:1)
  3 goblins
  3 hobgoblins (D:1)
  3 quokkas
  7 ball pythons
  3 bats
  A frilled lizard (D:1)
  3 kobolds (D:2)
  2 rats (D:1)
40 creatures vanquished.

Notes
Turn   | Place    | Note
-------+----------+-------------------------------------------
     0 | D:1      | frimble the Octopode Venom Mage began the quest for the
                  | Orb.
     0 | D:1      | Reached XP level 1. HP: 11/11 MP: 3/3
   176 | D:1      | Found a faded altar of an unknown god.
   450 | D:1      | Reached XP level 2. HP: 11/17 MP: 3/5
   836 | D:1      | Reached skill level 4 in Poison Magic
  1078 | D:1      | Found Ontun's Weapon Shoppe.
  1091 | D:1      | Reached XP level 3. HP: 21/21 MP: 3/6
  1465 | D:2      | Found a glowing golden altar of the Shining One.
  2269 | D:2      | Reached skill level 5 in Poison Magic
  2336 | D:2      | You fall into a shaft and drop 2 floors!
  2396 | D:4      | Reached XP level 4. HP: 14/27 MP: 2/7
  2610 | D:4      | Noticed an ogre
  2700 | D:3      | Slain by an orc

Illustrated notes

Levels and vault maps discovered:
D:1:      dpeg_arrival_rooms_b, layout_loops_ring, serial_shops,
          nicolae_diamond_shop, ebering_ecumenical_altar_box
D:2:      layout_basic, basic_altar, minmay_statues_item, minmay_heptomino_d4
D:3:      layout_basic
D:4:      layout_basic

Skill      XL: |  1  2  3 |
---------------+----------+-----
Stealth        | 3 |  3.0
Poison Magic   | 4 5 |  5.4
Dodging        | |  2.2
Spellcasting   | |  2.1
Transmutations | |  1.3

Action                   |  1- 3 |  4- 6 || total
-------------------------+-------+-------++-------
Melee: Unarmed           |    32 |       ||    32
       Constrict         |    11 |       ||    11
       Tentacles         |     8 |       ||     8
 Cast: Sting             |    43 |    10 ||    53
  Use: Scroll            |     6 |       ||     6
 Stab: Sleeping          |     5 |       ||     5
Armor: Skin              |     3 |       ||     3
Dodge: Dodged            |    30 |     2 ||    32

Table legend: (Time is in decaauts)
 A = Elapsed time spent in this place.
 B = Non-inter-level travel time spent in this place.
 C = Inter-level travel time spent in this place.
 D = Time resting spent in this place.
 E = Time spent auto-exploring this place.
 F = Levels seen in this place.
 G = Mean time per level.
                   A        B        C        D        E       F      G
               +--------+--------+--------+--------+--------+-----+--------+
         Total |   2699 |   2662 |     37 |      2 |   2325 |   4 |  674.8 |
       Dungeon |   2699 |   2662 |     37 |      2 |   2325 |   4 |  674.8 |
               +--------+--------+--------+--------+--------+-----+--------+

Top non-repeatable levels by time:
     D:1: 1451 daAuts
     D:2: 884 daAuts
     D:4: 302 daAuts
     D:3: 60 daAuts
